 Dungeon Crawl Stone Soup version 0.26-b1-32-g5d43845318 (webtiles) character file.

Game seed: 7736582193663986194

37 Borgoz the Ducker (level 3, 0/30 HPs)
             Began as a Ghoul Gladiator on Jan 13, 2021.
             Slain by an adder (2 damage)
             ... on level 2 of the Dungeon.
             The game lasted 00:01:06 (1034 turns).

Borgoz the Ducker (Ghoul Gladiator)                 Turns: 1034, Time: 00:01:06

Health: 0/30       AC:  4    Str: 17    XL:     3   Next: 39%
Magic:  2/2        EV: 12    Int:  3    God:
Gold:   71         SH:  0    Dex: 11    Spells: 2/2 levels left

rFire    . . .     SeeInvis .   a - +0 flail
rCold    + . .     Faith    .   (no shield)
rNeg     + + +     Spirit   .   b - +0 leather armour
rPois    ∞         Reflect  .   c - +0 helmet
rElec    .         Harm     .   (no cloak)
rCorr    .         Rampage  .   (no gloves)
Will     .....                  (no boots)
Stlth    +.........             (no amulet)
HPRegen  0.00/turn              (no ring)
MPRegen  0.08/turn              (no ring)

@: no status effects
A: claws 1, cold resistance 1, negative energy resistance 3, inhibited
regeneration, torment resistance, unbreathing
a: no special abilities


You were on level 2 of the Dungeon.
You visited 1 branch of the dungeon, and saw 2 of its levels.

You collected 71 gold pieces.

Inventory:

Hand Weapons
 a - a +0 flail (weapon)
Missiles
 d - a throwing net (quivered)
Armour
 b - a +0 leather armour (worn)
 c - a +0 helmet (worn)
Scrolls
 e - a scroll of fear {unknown}
 f - a scroll of amnesia
 h - a scroll of teleportation
Potions
 g - a potion of cancellation


   Skills:
 * Level 2.8 Fighting
 * Level 3.0 Maces & Flails
 - Level 1.7 Throwing
 * Level 1.1 Armour
 * Level 3.0 Dodging


You had 2 spell levels left.
You didn't know any spells.
Your spell library was empty.

Dungeon Overview and Level Annotations

Branches:
Dungeon (2/15)

Altars:


Innate Abilities, Weirdness & Mutations

You thrive by killing the living.
You are immune to poison.
You have sharp fingernails.
Your flesh is cold resistant. (rC+)
You are immune to negative energy. (rN+++)
You do not regenerate when monsters are visible.
You are immune to unholy pain and torment.
You can survive without breathing.


Message History

The net rips apart, and the adder comes free!
The adder closely misses you.
You barely miss the adder.
The adder is lightly wounded.
The bat hits you but does no damage. The adder bites you.
* * * LOW HITPOINT WARNING * * *
The adder barely misses you.
You miss the adder.
The adder is lightly wounded.
The bat hits you but does no damage. The adder barely misses you.
You closely miss the adder.
The adder is lightly wounded.
The bat barely misses you. The adder closely misses you.
The adder barely misses you.
Throw: 2 throwing nets
Press: ? - help, Q - select action Shift-Dir - straight line, f/p - adder
Aim: an adder (lightly wounded)
You throw a throwing net. The throwing net misses the adder.
The bat closely misses you. The adder bites you.
You die...

... ...########
..........
...........#######
.........<.......
...##........... ..
#........... #.
#.(.(.......
#####.##.@.........
........†Sb........
........).##.....##
.......[))# .....#
..........# .....#
..........# .....#
..........$'K.....
.........(##. .
..........# ..


You could see an adder and a bat.

Vanquished Creatures
  3 dart slugs
  2 giant cockroaches
  3 goblins
  5 hobgoblins
  9 bats
  A frilled lizard (D:1)
  2 kobolds
  4 rats (D:1)
29 creatures vanquished.

Notes
Turn   | Place    | Note
-------+----------+-------------------------------------------
     0 | D:1      | Borgoz the Ghoul Gladiator began the quest for the Orb.
     0 | D:1      | Reached XP level 1. HP: 17/17 MP: 0/0
   306 | D:1      | Reached XP level 2. HP: 24/25 MP: 1/1
   978 | D:2      | Reached XP level 3. HP: 27/30 MP: 2/2
   996 | D:2      | Reached skill level 1 in Armour
  1034 | D:2      | Slain by an adder

Illustrated notes

Levels and vault maps discovered:
D:1:      nicolae_arrival_memento_mori, layout_loops_cross, kennysheep_boxes
D:2:      layout_basic

Skill      XL: |  1  2  3 |
---------------+----------+-----
Dodging        | 3 |  3.0
Maces & Flails | 3 |  3.0
Armour         | 1 |  1.1
Fighting       | |  2.8
Throwing       | |  1.7

Action                   || total
-------------------------++-------
Melee: Flail             ||   102
Throw: Throwing net      ||     2
  Use: Scroll            ||     3
Armor: Leather armour    ||    50
Dodge: Dodged            ||    88
